Map: 亚历山大港 - 天梯版

Players

Probe - Winner!

  • Race: Protoss Protoss
  • League: Platinum

Ryu

  • Race: Zerg Zerg
  • League: Master

Event: WESG 2018 Grand Finals

VOD

Have the link to the VOD?

Description

Time

  • Played on: March 12, 2019, 6:10 a.m.
  • Length: 11:03

All games in this series

Show
View Real Time Build Order
Export as new Build Order

Probe Protoss - Winner!

Build Orders: 1 Gate Expand, Oracle Opening, Phoenix Opening, Mass Phoenix 

Get SALT Encoding   

  12  0:00  Probe  
  13  0:13  Probe  
  14  0:20  Pylon  
  14  0:25  Probe  
  15  0:34  Probe  
  15  0:41  Gateway  
  15  0:42  Probe  
  16  0:48  Assimilator  
  17  0:52  Probe  
  18  1:04  Probe  
  19  1:16  Probe  
  20  1:26  Nexus  
  20  1:37  Cybernetics Core  
  20  1:40  Probe  
  20  1:45  Assimilator  
  21  1:53  Probe  
  22  1:55  Pylon  
  22  2:03  Adept  
  22  2:04  Probe  
  23  2:12  Probe  
  25  2:20  Probe  
  26  2:24  Stargate  
  26  2:25  Adept  
  27  2:31  Probe  
  30  2:39  Probe  
  30  2:40  Warp Gate  
  30  2:43  Probe  
  32  2:51  Probe  
  33  2:55  Probe  
  34  3:00  Phoenix  
  34  3:03  Probe  
  35  3:07  Probe  
  35  3:12  Pylon  
  38  3:15  Probe  
  38  3:19  Probe  
  40  3:24  Oracle  
  43  3:27  Probe  
  43  3:29  Assimilator  
  43  3:30  Assimilator  
  43  3:31  Probe  
  45  3:39  Probe  
  46  3:41  Gateway  
  46  3:44  Probe  
  47  3:48  Pylon  
  47  3:51  Probe  
  47  3:52  Probe  
  47  3:53  Stargate  
  48  4:00  Probe  
  48  4:01  Phoenix  
  51  4:03  Probe  
  53  4:10  Probe  
  53  4:11  Pylon  
  53  4:16  Probe  
  55  4:22  Probe  
  56  4:27  Pylon  
  56  4:28  Probe  
  57  4:34  Probe  
  57  4:38  Phoenix x2  
  62  4:40  Adept x2  
  62  4:43  Pylon  
  66  4:55  Phoenix  
  66  4:56  Pylon, Phoenix  
  70  5:08  Nexus  
  70  5:12  Probe x2  
  72  5:18  Phoenix x2  
  76  5:23  Shield Battery  
  76  5:36  Robotics Facility  
  76  5:38  Robotics Facility  
  76  5:40  Sentry x2  
  80  5:43  Gateway  
  80  5:44  Gateway  
  80  5:46  Probe  
  80  5:48  Probe  
  82  6:01  Shield Battery  
  82  6:03  Shield Battery  
  82  6:04  Pylon x2  
  82  6:05  Shield Battery  
  82  6:11  Sentry x2  
  82  6:15  Gateway  
  82  6:16  Pylon  
  82  6:17  Immortal  
  86  6:19  Pylon, Gateway  
  86  6:20  Pylon  
  86  6:21  Shield Battery  
  86  6:26  Immortal  
  94  6:44  Sentry x2  
  94  6:45  Cybernetics Core  
  98  6:48  Immortal  
  98  6:56  Zealot x2  
  106  7:06  Immortal  
  106  7:15  Zealot  
  106  7:16  Zealot x2  
  112  7:27  Observer  
  113  7:34  Nexus  
  113  7:36  Pylon  
  113  7:43  Pylon  
  113  7:45  Immortal  
  113  7:52  Twilight Council  
  113  7:53  Forge  
  113  7:54  Immortal  
  113  7:57  Gateway  
  121  8:10  Shield Battery  
  121  8:17  Zealot x3  
  125  8:35  Templar Archives  
  125  8:37  Forge  
  125  8:40  Twilight Council  
  123  8:52  Protoss Ground Weapons Level 1  
  123  8:55  Warp Prism  
  123  8:59  Zealot x5  
  123  9:00  Zealot  
  137  9:12  Probe x2  
  137  9:13  Probe  
  140  9:20  Zealot x3  
  140  9:22  Charge  
  146  9:24  Probe  
  147  9:31  Zealot  
  147  9:39  Zealot  
  147  9:43  Pylon  
  144  9:48  Pylon  
  144  9:49  Pylon  
  144  9:50  Zealot  
  144  9:51  Pylon  
  144  9:52  Pylon  
  146  9:57  Zealot x2  
  148  10:02  High Templar x2  
  148  10:03  Zealot  
  140  10:09  Archon  
  140  10:12  Zealot  
  138  10:24  Zealot x4  
  138  10:28  Observer  
  146  10:44  Probe  
  146  10:46  Zealot x7  
Show
View Real Time Build Order
Export as new Build Order

Ryu Zerg 

Build Orders: Hatch First, Swarm Host 

Get SALT Encoding   

  12  0:00  Drone  
  13  0:12  Overlord  
  13  0:17  Drone  
  14  0:31  Drone x2  
  16  0:35  Drone  
  17  0:52  Hatchery  
  17  0:56  Drone  
  17  0:58  Extractor  
  17  1:01  Drone  
  17  1:15  Spawning Pool  
  17  1:18  Drone  
  17  1:22  Drone  
  18  1:28  Drone  
  19  1:40  Overlord  
  19  2:02  Zergling x4  
  19  2:03  Queen  
  19  2:04  Queen  
  25  2:08  Metabolic Boost  
  25  2:14  Drone  
  25  2:15  Drone  
  27  2:19  Drone  
  27  2:22  Drone  
  29  2:26  Drone  
  30  2:34  Drone  
  31  2:45  Hatchery  
  31  2:48  Zergling x2  
  31  2:51  Drone  
  32  2:53  Overlord  
  31  3:01  Drone  
  31  3:04  Drone  
  31  3:05  Overlord  
  33  3:09  Queen  
  35  3:13  Drone  
  35  3:18  Drone x2  
  38  3:22  Drone  
  38  3:23  Spore Crawler  
  38  3:25  Drone  
  39  3:28  Drone x2  
  41  3:35  Drone x3  
  41  3:39  Spore Crawler  
  43  3:42  Drone  
  43  3:47  Overlord  
  44  3:51  Overlord  
  44  3:54  Lair  
  44  3:57  Spore Crawler  
  44  3:59  Drone x2  
  44  4:01  Drone  
  46  4:03  Drone  
  46  4:06  Drone x2  
  49  4:12  Drone x2  
  49  4:14  Queen  
  53  4:19  Zergling x4  
  53  4:22  Drone  
  53  4:23  Drone  
  57  4:26  Roach Warren  
  56  4:32  Drone x2  
  58  4:38  Drone  
  58  4:41  Queen  
  58  4:42  Extractor  
  58  4:43  Extractor  
  59  4:46  Drone x3  
  59  4:47  Overlord  
  59  4:51  Drone x2  
  59  4:52  Drone  
  65  4:57  Nydus Network  
  63  5:00  Zergling x4  
  63  5:02  Overseer  
  65  5:07  Overlord  
  65  5:10  Queen  
  65  5:11  Queen  
  65  5:14  Overlord  
  69  5:17  Roach  
  69  5:20  Roach  
  73  5:27  Overlord, Roach  
  73  5:28  Roach x2  
  79  5:30  Overlord  
  79  5:36  Nydus Canal  
  79  5:39  Overlord  
  79  5:43  Queen, Glial Reconstitution  
  79  5:45  Overlord  
  79  5:46  Zergling x6  
  84  5:58  Roach  
  84  5:59  Roach  
  84  6:00  Drone  
  84  6:02  Infestation Pit  
  84  6:04  Queen, Drone x2  
  89  6:05  Drone  
  89  6:06  Drone x2  
  89  6:09  Drone  
  95  6:18  Nydus Canal  
  95  6:21  Drone x3  
  95  6:25  Overlord, Drone  
  98  6:26  Drone  
  98  6:30  Overlord, Evolution Chamber  
  99  6:35  Hatchery  
  98  6:40  Extractor  
  98  6:41  Drone x3, Extractor  
  98  6:42  Drone x2  
  100  6:48  Extractor  
  99  6:55  Drone x3  
  99  6:56  Overlord x2  
  99  6:57  Zerg Missile Weapons Level 1  
  99  6:59  Spore Crawler  
  100  7:06  Swarm Host x5  
  101  7:22  Swarm Host x2  
  95  7:23  Swarm Host  
  104  7:37  Spore Crawler, Swarm Host x2  
  103  7:38  Swarm Host  
  103  7:41  Spore Crawler  
  103  7:42  Overlord  
  111  7:44  Swarm Host x2  
  111  7:48  Roach x2  
  121  7:56  Nydus Canal  
  121  7:57  Swarm Host  
  124  8:00  Roach x2  
  124  8:01  Roach  
  124  8:04  Drone x4  
  134  8:06  Drone x2  
  134  8:07  Overlord  
  134  8:08  Overlord  
  134  8:10  Roach  
  134  8:11  Roach x2  
  142  8:25  Roach x2, Spore Crawler  
  142  8:26  Roach x2  
  143  8:33  Nydus Canal  
  141  8:39  Drone  
  141  8:40  Swarm Host x2  
  147  8:43  Roach x3  
  147  8:44  Roach  
  147  8:45  Ravager x3  
  158  8:49  Extractor x2  
  158  8:51  Drone x5  
  158  8:52  Drone  
  160  9:03  Hatchery, Extractor  
  160  9:05  Tunneling Claws, Burrow, Extractor  
  160  9:07  Drone x2  
  159  9:12  Nydus Canal  
  159  9:16  Roach x2  
  159  9:17  Roach x2  
  164  9:27  Roach x6  
  171  9:38  Roach x4  
  171  9:40  Nydus Canal  
  171  9:43  Roach  
  171  9:44  Overlord x3  
  173  9:48  Ravager x2  
  171  9:56  Overlord  
  166  10:00  Overlord x2  
  166  10:05  Ravager x3  
  166  10:06  Roach x4  
  155  10:19  Roach x4  
  155  10:20  Roach x2  
  155  10:25  Roach x2  
  141  10:37  Roach x5  
Tags
 
Add a new tag
Caveats
  • Supply blocks, unpowered buildings, or Contaminate may cause inaccurate times.
  • Supply counts are checked every 10 seconds.